 Dungeon Crawl Stone Soup version 0.30.0-29-ga12c61a403 (webtiles) character file.

Game seed: 10205024213765741148

3215 Aelou the Grappler (level 9, 0/86 (87) HPs)
             Began as a Troll Berserker on June 6, 2023.
             Was an Elder of Trog.
             Slain by Erica
             ... wielding a +0 scimitar of flaming
              (16 damage)
             ... on level 8 of the Dungeon.
             The game lasted 00:42:12 (4679 turns).

Aelou the Grappler (Troll Berserker)                Turns: 4679, Time: 00:42:13

HP:   0/86 (87)     AC:  4    Str: 31    XL:     9   Next: 65%
MP:   8/8           EV: 11    Int:  3    God:    Trog [****..]
Gold: 176           SH:  0    Dex:  9    Spells: 8/8 levels left

rFire   . . .        b - +4 halberd
rCold   . . .        (shield currently unavailable)
rNeg    . . .        a - +0 animal skin
rPois   .            (helmet restricted)
rElec   .            (no cloak)
rCorr   .            (gloves unavailable)
SInv    .            (boots unavailable)
Will    +....        j - amulet of faith
Stlth   ++           u - ring of flight
HPRegen 1.14/turn    h - ring of willpower
MPRegen 0.11/turn

%: faith
@: on berserk cooldown, flying, hasted and slowed, lightly drained
A: large, unfitting armour, claws 3, regeneration 1, shaggy fur 1, tough skin 1
a: Renounce Religion, Berserk, Trog's Hand, Brothers in Arms


You were on level 8 of the Dungeon.
You worshipped Trog.
Trog was greatly pleased with you.
You visited 1 branch of the dungeon, and saw 8 of its levels.

You collected 371 gold pieces.
You spent 195 gold pieces at shops.

Inventory:

Hand Weapons
 b - a +4 halberd (weapon)
 e - a +0 dagger of flaming
Missiles
 c - a throwing net
 f - 8 boomerangs (quivered)
 i - 21 poisoned darts
Armour
 a - a +0 animal skin (worn)
 s - a +0 helmet of see invisible
Jewellery
 d - a ring of protection from cold
 h - a ring of willpower (right claw)
 j - an amulet of faith (around neck)
 n - a ring of fire
 u - a ring of flight (left claw)
Wands
 k - a wand of flame (9)
 v - a wand of iceblast (6)
Scrolls
 q - 4 scrolls of identify
 t - a scroll of fog
 w - a scroll of poison
Potions
 g - a potion of brilliance {unknown}
 l - a potion of degeneration {unknown}
 m - 4 potions of haste
 o - 2 potions of flight
 p - 2 potions of might {unknown}
 r - a potion of cancellation {unknown}


   Skills:
 + Level 4.8 Fighting
 + Level 0.9 Polearms
 + Level 2.8 Throwing
 + Level 5.5 Dodging
 + Level 1.7 Stealth
 + Level 10.2 Unarmed Combat
 + Level 1.6 Evocations


You had 8 spell levels left.
You didn't know any spells.
Your spell library contained the following spells:

 Spells                   Type           Power      Damage    Failure   Level
 Blink                    Tloc           0%         N/A       67%         2
 Lesser Beckoning         Tloc           0%         N/A       67%         2
 Momentum Strike          Conj/Tloc      0%         3d8       67%         2
 Dazzling Flash           Conj/Hex       0%         N/A       88%         3
 Inner Flame              Hex/Fire       0%         N/A       88%         3
 Volatile Blastmotes      Fire/Tloc      0%         2d10      88%         3
 Flame Wave               Conj/Fire      0%         2d4       99%         4
 Iskenderun's Mystic Bla  Conj/Tloc      0%         2d3       99%         4
 Sticky Flame             Conj/Fire      0%         2d3       99%         4
 Simulacrum               Ice/Necr       0%         N/A       100%        6
 Starburst                Conj/Fire      0%         6d3       100%        6
 Ozocubu's Refrigeration  Ice            0%         4d7       100%        7
 Polar Vortex             Ice            0%         N/A       100%        9


Dungeon Overview and Level Annotations

Branches:
Dungeon (8/15)             Temple (0/1) D:7
   Lair: D:8-11

Altars:
Cheibriados
Dithmenos
Hepliaklqana
Okawaru
Xom

Shops:
D:5 [   D:7 =:?

Annotations:
D:8 Erica


Innate Abilities, Weirdness & Mutations

You are too large for most types of armour.
You have claws for hands.
Your natural rate of healing is unusually fast.
You are covered in fur. (AC +1)
You have tough skin. (AC +1)


Message History

The magic dart hits you.
The orc warrior hits you with a +0 short sword!
Something hits you. Something burns you.
Okay, then.
You closely miss the orc warrior.
The orc warrior is lightly wounded.
Something hits you but does no damage. The orc warrior closely misses you.
Something hits you. Something burns you.
You hit the orc warrior.
The orc warrior is lightly wounded.
Something hits you!
* * * LOW HITPOINT WARNING * * *
Something burns you.
* * * LOW HITPOINT WARNING * * *
You hear some strange, mumbled words.
Something tries to affect you, but you resist.
The orc warrior hits you with a +0 short sword!
* * * LOW HITPOINT WARNING * * *
The orc warrior barely misses you.
You feel a strong urge to attack something.
You feel your anger nearly subside.
You are no longer berserk.
You are exhausted.
You feel yourself slow down.
As you read the scroll of fog, it crumbles to dust.
The scroll dissolves into smoke.
Things that are here:
a +0 dagger; an orc corpse
Things that are here:
a +0 dagger; a +0 robe; an orc corpse Something hits you!
* * * LOW HITPOINT WARNING * * *
Something burns you.
* * * LOW HITPOINT WARNING * * *
Something hits you but does no damage.
The orc warrior throws a boomerang.
You hear some strange, mumbled words.
Something tries to affect you, but you resist.
It was a potion of haste.
You feel yourself speed up. Something hits you but does no damage.
Something hits you!
You die...

#.#####..# #........#
############.## #....#
#.# ###.##.# #.#
#......# #.# ##
#.....#######.###.#
#.##..................
#.#.@...#######.###..
#.{....# ...# #.#....#
.....# #.######
##...## #§§o# ##.##
###{# #.# #§# #.# #§#
#§#


There were no monsters in sight!

Vanquished Creatures
  Sigmund (D:3)
  A wyvern (D:7)
  Eustachio (D:4)
  An orc warrior (D:7)
  2 ice beasts (D:6)
  3 black bears
  4 ogres
  3 centaurs
  A phantom (D:4)
  3 kobold brigands
  3 bullfrogs
  3 scorpions
  5 wights (D:7)
  6 hounds
  An orc priest (D:8)
  A jelly (D:6)
  2 sleepcaps (D:6)
  Jessica (D:2)
  4 iguanas
  Ijyb (D:3)
  2 orc wizards
  5 adders
  9 gnolls
  A shadow imp (D:6)
  3 white imps
  2 ufetubi (D:5)
  A worm (D:3)
  3 dart slugs
  9 orcs
  4 ball pythons
  4 bats
  5 endoplasms
  4 giant cockroaches
  4 hobgoblins
  2 quokkas
  5 frilled lizards
  2 goblins (D:1)
  18 kobolds
  7 rats
137 creatures vanquished.

Vanquished Creatures (others)
  A gnoll bouda (D:8)
1 creature vanquished.

Grand Total: 138 creatures vanquished

Notes
Turn   | Place    | Note
-------+----------+-------------------------------------------
     0 | D:1      | Aelou the Troll Berserker began the quest for the Orb.
     0 | D:1      | Reached XP level 1. HP: 22/22 MP: 0/0
   160 | D:1      | Reached XP level 2. HP: 29/29 MP: 1/1
   334 | D:1      | Found a faded altar of an unknown god.
   515 | D:1      | Reached XP level 3. HP: 36/36 MP: 2/2
   661 | D:2      | Noticed Jessica
   666 | D:2      | Killed Jessica
   666 | D:2      | Reached ** piety under Trog
   720 | D:2      | Reached skill level 4 in Unarmed Combat
   720 | D:2      | Reached XP level 4. HP: 43/44 MP: 3/3
  1243 | D:3      | Reached XP level 5. HP: 53/53 MP: 4/4
  1264 | D:3      | Found a shadowy altar of Dithmenos.
  1264 | D:3      | Found a hazy altar of Hepliaklqana.
  1265 | D:3      | Found a snail-covered altar of Cheibriados.
  1299 | D:3      | Noticed Sigmund
  1314 | D:3      | Killed Sigmund
  1315 | D:3      | Reached skill level 5 in Unarmed Combat
  1315 | D:3      | Reached XP level 6. HP: 54/61 MP: 5/5
  1346 | D:3      | Noticed Ijyb
  1357 | D:3      | Killed Ijyb
  1522 | D:4      | Noticed Eustachio
  1554 | D:4      | Killed Eustachio
  1555 | D:4      | Reached skill level 1 in Throwing
  1555 | D:4      | Reached skill level 1 in Stealth
  1555 | D:4      | Reached skill level 6 in Unarmed Combat
  1578 | D:4      | Reached *** piety under Trog
  1579 | D:4      | Reached XP level 7. HP: 35/67 MP: 6/6
  1769 | D:5      | Entered Level 5 of the Dungeon
  1933 | D:5      | Found Liobon's Antique Armour Boutique.
  1939 | D:5      | Reached skill level 7 in Unarmed Combat
  2136 | D:5      | Found an iron altar of Okawaru.
  2221 | D:5      | Reached XP level 8. HP: 75/75 MP: 7/7
  2293 | D:5      | Reached skill level 8 in Unarmed Combat
  2760 | D:6      | Found a shimmering altar of Xom.
  2817 | D:6      | Reached **** piety under Trog
  2886 | D:5      | Bought a runed helmet for 195 gold pieces
  3023 | D:6      | Reached skill level 9 in Unarmed Combat
  3023 | D:6      | Reached skill level 1 in Evocations
  3086 | D:6      | Reached XP level 9. HP: 21/84 MP: 8/8
  3410 | D:7      | Reached skill level 5 in Dodging
  3605 | D:7      | Found Quh Guig's Book Emporium.
  3605 | D:7      | Found Does Zeu's Jewellery Shoppe.
  3616 | D:7      | Reached skill level 10 in Unarmed Combat
  3619 | D:7      | Found Keteet's Magic Scroll Shop.
  4055 | D:7      | Found a staircase to the Ecumenical Temple.
  4651 | D:8      | Noticed Erica
  4679 | D:8      | Slain by Erica

Illustrated notes

Levels and vault maps discovered:
D:1:      roderic_crossed_star, layout_basic, chequers_ecumenical_altar_simple,
          serial_forest, infiniplex_forest_zigzag_2,
          infiniplex_forest_clump_double, infiniplex_forest_lined_1,
          infiniplex_forest_corner_1, infiniplex_forest_end_double,
          infiniplex_forest_clump_small, infiniplex_forest_clump_C,
          infiniplex_forest_pool, fountainhead, amethyst_killhole,
          chequers_decorated_corner
D:2:      layout_loops_ring, chequers_hall_statues_wall_a, uniq_jessica
D:3:      layout_basic, chequers_temple_overflow_statue_of_worship,
          kennysheep_generic_room_4, uniq_ijyb, uniq_sigmund
D:4:      layout_cave_pools, enter_ossuary_2, kennysheep_path_1, uniq_eustachio
D:5:      layout_basic, serial_shops, nicolae_shop_rolling_square,
          serial_park_tiny_1, kennysheep_diamond
D:6:      layout_basic, mainiacjoe_overflow_catwalk
D:7:      layout_loops_corners, kennysheep_orc_sif_temple,
          minmay_temple_entry_mist, minivault_22, nicolae_wooded_promenade
D:8:      layout_loops_corners, uniq_psyche, uniq_erica

Skill      XL: |  1  2  3  4  5  6  7  8  9 |
---------------+----------------------------+-----
Dodging        | 3 4 5 |  5.5
Unarmed Combat | 4 5 6 7 9 10 | 10.2
Fighting       | 3 4 |  4.8
Throwing       | 1 2 |  2.8
Stealth        | 1 |  1.7
Evocations     | 1 |  1.6
Polearms       | |  0.9

Action                     |  1- 3 |  4- 6 |  7- 9 || total
---------------------------+-------+-------+-------++-------
  Melee: Unarmed           |    96 |    93 |   177 ||   366
         Dagger            |    20 |       |       ||    20
         Punch             |     4 |     5 |     8 ||    17
         Halberd           |       |       |    61 ||    61
  Throw: Boomerang         |       |     7 |    15 ||    22
 Invoke: Berserk           |       |       |     5 ||     5
         Trog's Hand       |       |       |     2 ||     2
  Evoke: Wand              |       |       |     8 ||     8
    Use: Potion            |     2 |     3 |    10 ||    15
         Scroll            |     2 |     2 |     5 ||     9
   Stab: Invisible         |       |     1 |     6 ||     7
         Held in net/web   |       |     1 |       ||     1
 Armour: Animal skin       |    25 |    14 |    67 ||   106
         Skin              |     2 |       |       ||     2
  Dodge: Dodged            |    31 |    31 |   178 ||   240
